 Dungeon Crawl Stone Soup version 0.30-a0-1018-g25214051b3 (webtiles) character file.

Game seed: 5306747710359618833

11167 bearlyready the Fencer (level 11, -2/65 HPs)
             Began as a Tengu Fighter on Apr 7, 2023.
             Was an Initiate of Gozag.
             Slain by an unseen horror zombie (7 damage)
             ... on level 10 of the Dungeon.
             The game lasted 00:18:45 (10762 turns).

bearlyready the Fencer (Tengu Fighter)             Turns: 10762, Time: 00:18:46

Health: -2/65      AC: 12    Str: 16 (17) XL:     11   Next: 73%
Magic:  12/12      EV:  8    Int:  8 (9)  God:    Gozag
Gold:   906        SH:  5    Dex: 14 (17) Spells: 10/10 levels left

rFire   + . .      SeeInvis .    I - +1 scimitar
rCold   + . .      Faith    .    c - +0 buckler
rNeg    . . .      Spirit   .    K - +2 chain mail {rF+}
rPois   +          Reflect  .    (helmet restricted)
rElec   .          Rampage  .    d - +0 cloak
rCorr   .                        (no gloves)
Will    .....                    (boots unavailable) Stlth
                                 (no amulet)
HPRegen 0.30/turn                E - ring of protection from cold
MPRegen 0.13/turn                m - ring of poison resistance

@: gold aura, attractive, flying quickly and evasively, invisible, quick
A: beak, talons 3, nimble flight
a: Renounce Religion, Potion Petition, Call Merchant, Bribe Branch


You were on level 10 of the Dungeon.
You worshipped Gozag.
Gozag was pleased with you.
You visited 2 branches of the dungeon, and saw 11 of its levels.

You collected 1026 gold pieces.
You paid 120 gold pieces to Gozag.

Inventory:

Hand Weapons
 I - a +1 scimitar (weapon)
Missiles
 a - 4 boomerangs
 f - 5 javelins
 q - 11 poisoned darts (quivered)
 s - a throwing net
Armour
 c - a +0 buckler (worn)
 d - a +0 cloak (worn)
 K - a +2 chain mail of fire resistance (worn)
Jewellery
 b - a ring of resist corrosion
 j - a ring of magical power
 m - a ring of poison resistance (right hand)
 C - a ring of see invisible
 E - a ring of protection from cold (left hand)
Wands
 r - a wand of roots (17)
Scrolls
 i - 3 scrolls of amnesia
 k - 3 scrolls of fear
 n - 2 scrolls of immolation
 p - 2 scrolls of acquirement {unknown}
 u - 4 scrolls of teleportation
 w - 3 scrolls of fog
 x - a scroll of butterflies {unknown}
 y - a scroll of enchant armour
 D - 2 scrolls of vulnerability {unknown}
 F - 2 scrolls of enchant weapon {unknown}
 H - a scroll of blinking {unknown}
Potions
 e - a potion of haste
 h - a potion of curing
 l - 2 potions of berserk rage
 o - 4 potions of cancellation
 t - 2 potions of brilliance
 v - 2 potions of might
 z - 2 potions of mutation


   Skills:
 + Level 6.3 Fighting
 + Level 17.0 Long Blades
 - Level 3.0 Throwing
 - Level 3.2 Armour
 + Level 6.3 Shields
 - Level 3.0 Evocations


You had 10 spell levels left.
You didn't know any spells.
Your spell library contained the following spells:

 Spells                   Type           Power      Damage    Failure   Level
 Apportation              Tloc           0%         N/A       100%        1
 Necrotise                Necr           0%         1d4       100%        1
 Blink                    Tloc           0%         N/A       100%        2
 Lesser Beckoning         Tloc           0%         N/A       100%        2
 Momentum Strike          Conj/Tloc      0%         3d8       100%        2
 Call Canine Familiar     Summ           0%         N/A       100%        3
 Dazzling Flash           Conj/Hex       0%         N/A       100%        3
 Portal Projectile        Hex/Tloc       0%         N/A       100%        3
 Vampiric Draining        Necr           0%         2d6       100%        3
 Vhi's Electric Charge    Tloc/Air       0%         N/A       100%        3
 Volatile Blastmotes      Fire/Tloc      0%         2d10      100%        3
 Iskenderun's Mystic Bla  Conj/Tloc      0%         2d3       100%        4
 Leda's Liquefaction      Hex/Erth       0%         N/A       100%        4
 Agony                    Necr           0%         N/A       100%        5
 Alistair's Intoxication  Tmut/Pois      0%         N/A       100%        5
 Arcjolt                  Conj/Air       0%         1d10      100%        5
 Starburst                Conj/Fire      0%         6d3       100%        6
 Maxwell's Capacitive Co  Air            0%         ∞         100%        8


Dungeon Overview and Level Annotations

Branches:
Dungeon (10/15)            Temple (1/1) D:7            Lair (0/5) D:9
    Orc: D:9-12

Altars:
Ashenzari
Cheibriados
Dithmenos
Elyvilon
Fedhas
Gozag
Hepliaklqana
Kikubaaqudgha
Makhleb
Nemelex Xobeh
Okawaru
Qazlal
Ru
Trog
Vehumet
Wu Jian
Xom
Yredelemnul
Zin
The Shining One

Portals:
Abyss: D:6

Annotations:
D:5 3 runed translucent doors, voltaire321's ghost, novice DsVM
D:6 2 transporters, Tangent's ghost, novice GnHu
D:10 2 runed translucent doors


Innate Abilities, Weirdness & Mutations

You have a beak for a mouth.
You have claws for feet.
Your magical nature lets you fly swiftly and evasively.


Message History

* * * LOW HITPOINT WARNING * * *
The unseen horror zombie hits you.
* * * LOW HITPOINT WARNING * * *
The unseen horror zombie is distracted by your dazzling golden aura.
The unseen horror zombie hits you but does no damage.
Okay, then.
Press: ? - help, v - describe, . - travel
Here: an unseen horror zombie The floor, spattered with blood.
Unknown command.
Okay, then.
You feel better.
The unseen horror zombie hits you but does no damage.
The unseen horror zombie hits you.
* * * LOW HITPOINT WARNING * * *
The unseen horror zombie hits you!
* * * LOW HITPOINT WARNING * * *
As you read the scroll labelled REDIQ MIVYA, it crumbles to dust.
It is a scroll of enchant armour.
Your +1 chain mail of fire resistance glows green for a moment.
The unseen horror zombie closely misses you.
The unseen horror zombie hits you.
* * * LOW HITPOINT WARNING * * *
The unseen horror zombie barely misses you.
It was a potion of attraction.
You feel attractive to monsters.
You block the unseen horror zombie's attack. x2
It was a potion of invisibility.
You fade into invisibility!
The unseen horror zombie is no longer distracted by gold.
The unseen horror zombie barely misses you.
The unseen horror zombie hits you but does no damage.
The unseen horror zombie closely misses you.
It was a potion of degeneration.
There was something very wrong with that liquid.
You feel weakened.
You feel dopey.
You feel clumsy.
The unseen horror zombie hits you but does no damage.
The unseen horror zombie hits you!
You die...
Your body crumbles into a pile of gold.

>.# ##+# ... ♣ .. #.# ...#
Z. . $ . #.#.⌠..# ♣♣.. .♣♣
.# #.#....# ♣... ♣.♣ #.#
#.#...[. ._....♣ ##..#
#.####.. .Z♣Z♣ #..#
###.#≈≈#D. ♣♣ ♣Z.♣##.####
#...#§§#DD .♣...♣.#Z@....#
#.#.####+#
.....Z..Z......###.#.......
...♣♣♣###......#....+......
#......#.####......
#........# #......
#......### #...... ####.###
#...... #####+# #.. ##'####
...<..# ##.. #..#


You could see a centaur zombie (unable to see you) and 2 unseen horror zombies.

Vanquished Creatures
  4 two-headed ogres
  Pikel (D:4)
  An unseen horror (D:10)
  An unseen horror zombie (D:10)
  A hornet (D:10)
  Sigmund (D:2)
  4 wyverns
  13 yaks
  2 basilisks
  3 vampire mosquitoes (D:8)
  7 water moccasins
  An ice beast (D:8)
  2 black bears
  2 ogres
  2 centaurs
  Blork the orc (D:5)
  3 bullfrogs
  2 scorpions
  16 wights
  13 killer bees
  3 howler monkeys
  3 centaur zombies (D:10)
  A hound (D:5)
  4 jellies
  3 orc priests
  Jessica (D:3)
  4 iguanas
  Ijyb (D:3)
  Terence (D:3)
  Natasha (thrice) (D:3)
  2 orc wizards
  A howler monkey zombie (D:10)
  4 gnolls (D:5)
  12 adders
  A white imp (D:6)
  A worm (D:3)
  2 dart slugs
  11 orcs
  5 ball pythons
  13 endoplasms
  5 giant cockroaches
  7 hobgoblins
  6 jackals
  3 quokkas
  3 bats
  4 frilled lizards
  3 goblins
  6 kobolds
  3 rats
196 creatures vanquished.

Vanquished Creatures (others)
  A fungus (D:9)
  7 plants
8 creatures vanquished.

Grand Total: 204 creatures vanquished

Notes
Turn   | Place    | Note
-------+----------+-------------------------------------------
     0 | D:1      | bearlyready the Tengu Fighter began the quest for the Orb.
     0 | D:1      | Reached XP level 1. HP: 14/14 MP: 2/2
   179 | D:1      | Reached XP level 2. HP: 8/19 MP: 3/3
   181 | D:1      | Reached skill level 3 in Long Blades
   603 | D:2      | Reached XP level 3. HP: 19/23 MP: 4/4
   647 | D:2      | Reached skill level 4 in Long Blades
   846 | D:2      | Noticed a scorpion
   851 | D:2      | HP: 1/23 [poisoned by a scorpion]
   858 | D:2      | Killed a scorpion
   859 | D:2      | Reached skill level 5 in Long Blades
   859 | D:2      | Reached XP level 4. HP: 10/28 MP: 5/5
   970 | D:2      | Found a radiant altar of Vehumet.
   990 | D:2      | Noticed Sigmund
  1008 | D:2      | Killed Sigmund
  1009 | D:2      | Reached skill level 7 in Long Blades
  1009 | D:2      | Gained mutation: Your magical nature lets you fly swiftly
                  | and evasively. [Tengu growth]
  1009 | D:2      | Reached XP level 5. HP: 2/32 MP: 6/6
  1009 | D:2      | Reached XP level 6. HP: 3/37 MP: 7/7
  1653 | D:3      | Found a faded altar of an unknown god.
  1826 | D:3      | Noticed Terence
  1835 | D:3      | Killed Terence
  1936 | D:3      | Noticed Jessica
  1939 | D:3      | Killed Jessica
  2064 | D:3      | Noticed Ijyb
  2077 | D:3      | Killed Ijyb
  2122 | D:3      | Noticed Natasha
  2128 | D:3      | Killed Natasha
  2270 | D:3      | Noticed Natasha
  2274 | D:3      | Killed Natasha
  2275 | D:3      | Reached skill level 8 in Long Blades
  2275 | D:3      | Reached XP level 7. HP: 31/41 MP: 8/8
  2291 | D:3      | Noticed Natasha
  2297 | D:3      | Killed Natasha
  2741 | D:4      | Noticed Pikel
  2766 | D:4      | Killed Pikel
  2767 | D:4      | Reached skill level 10 in Long Blades
  2767 | D:4      | Reached XP level 8. HP: 7/46 MP: 9/9
  2929 | D:4      | Found a sacrificial altar of Ru.
  2933 | D:4      | Found a glowing golden altar of the Shining One.
  3277 | D:5      | Entered Level 5 of the Dungeon
  3523 | D:5      | Reached skill level 11 in Long Blades
  3700 | D:5      | Noticed Blork the orc
  3714 | D:5      | Killed Blork the orc
  3902 | D:5      | Found a runed translucent gate.
  3904 | D:5      | Found a runed translucent gate.
  3904 | D:5      | Found a runed translucent gate.
  3905 | D:5      | Noticed voltaire321's ghost (novice DsVM)
  4142 | D:5      | Reached skill level 12 in Long Blades
  4588 | D:6      | Reached XP level 9. HP: 44/50 MP: 10/10
  4609 | D:6      | Found a transporter.
  4615 | D:6      | Noticed a worldbinder
  4615 | D:6      | Noticed an ancient zyme
  4634 | D:6      | Found a transporter.
  5044 | D:6      | Reached skill level 13 in Long Blades
  5139 | D:6      | Found a one-way gate to the infinite horrors of the Abyss.
  5139 | D:6      | Noticed Tangent's ghost (novice GnHu)
  5490 | D:7      | Found a staircase to the Ecumenical Temple.
  5503 | Temple   | Entered the Ecumenical Temple
  6220 | D:8      | Found an opulent altar of Gozag.
  6274 | D:8      | Became a worshipper of Gozag Ym Sagoz the Greedy
  6448 | D:8      | Found a blossoming altar of Fedhas.
  6538 | D:7      | Reached skill level 14 in Long Blades
  6812 | D:8      | Reached skill level 15 in Long Blades
  6812 | D:8      | Reached XP level 10. HP: 32/56 MP: 11/11
  7274 | D:8      | Noticed a two-headed ogre
  7303 | D:8      | Killed a two-headed ogre
  7304 | D:8      | Reached skill level 16 in Long Blades
  8701 | D:9      | Reached skill level 5 in Shields
  8701 | D:9      | Reached XP level 11. HP: 19/62 MP: 12/12
  8860 | D:9      | Reached skill level 5 in Fighting
  9008 | D:9      | Found a staircase to the Lair.
  9083 | D:9      | Noticed a two-headed ogre
  9101 | D:9      | Killed a two-headed ogre
  9102 | D:9      | Reached skill level 1 in Throwing
  9102 | D:9      | Reached skill level 1 in Evocations
  9336 | D:9      | Noticed a two-headed ogre
  9370 | D:9      | Killed a two-headed ogre
 10152 | D:10     | Entered Level 10 of the Dungeon
 10312 | D:10     | Found a stormy altar of Qazlal.
 10317 | D:10     | Noticed a two-headed ogre
 10357 | D:10     | Killed a two-headed ogre
 10435 | D:10     | Found a shimmering altar of Xom.
 10486 | D:10     | Found a runed translucent door.
 10487 | D:10     | Noticed a fire dragon
 10494 | D:10     | Noticed an ice dragon
 10513 | D:10     | Noticed an ice dragon
 10683 | D:10     | Noticed a fire dragon
 10688 | D:10     | Found the +2 shield of Resistance {rF++ rC++ Will++}
 10697 | D:10     | Found a runed translucent door.
 10712 | D:10     | Found a basalt altar of Yredelemnul.
 10739 | D:10     | Reached skill level 17 in Long Blades
 10762 | D:10     | Slain by an unseen horror zombie

Illustrated notes

Levels and vault maps discovered:
D:1:      psy_arrival_dodecagon, layout_basic, serial_bayou_crossing
D:2:      layout_basic, basic_altar, uniq_sigmund
D:3:      layout_loops_ring, nicolae_overflow_hidden_temple,
          shapermc_ecumenical_altar_starsandcircs, uniq_terence, uniq_natasha,
          uniq_ijyb, uniq_jessica
D:4:      layout_cave_pools, grunt_temple_overflow_open, uniq_pikel
D:5:      layout_basic, ebering_ghost_rock_garden, uniq_blork_the_orc
D:6:      layout_basic, gammafunk_ghost_abyssal_escape
D:7:      layout_basic, minmay_temple_entry_hall
D:8:      layout_cave_pools, fedhas_altar_2, nicolae_gozag_seed_capital
D:9:      layout_basic, minmay_lair_entry_grove, grunt_ministairs_14,
          grunt_decor_mini_mirrors, chequers_serial_rivers_large_a, minivault_27
D:10:     layout_roguey, nicolae_yredelemnul_corpse_copse,
          mainiacjoe_overflow_tiny_flanked, mainiacjoe_overflow_small_starburst,
          lemuel_coloured_pillars_altar, serial_shops, shop,
          minmay_guarded_unrand_resistance
Temple:   nicolae_temple_god_jail

Skill      XL: |  1  2  3  4  5  6  7  8  9 10 11 |
---------------+----------------------------------+-----
Long Blades    | 3 5 7 8 10 12 15 16 17 | 17.0
Fighting       | 4 6 |  6.3
Shields        | 5 6 |  6.3
Throwing       | 3 |  3.0
Evocations     | 3 |  3.0
Armour         | |  3.2

Action                     |  1- 3 |  4- 6 |  7- 9 | 10-12 || total
---------------------------+-------+-------+-------+-------++-------
  Melee: Long sword        |    59 |    74 |   310 |   237 ||   680
         Kick              |    14 |    20 |    92 |    96 ||   222
         Peck              |    14 |    10 |    61 |    70 ||   155
         Scimitar          |       |       |       |    58 ||    58
  Throw: Dart              |       |       |     3 |    22 ||    25
         Javelin           |       |       |       |     4 ||     4
         Throwing net      |       |       |       |     1 ||     1
  Evoke: Wand              |       |       |     2 |    10 ||    12
    Use: Potion            |     1 |     1 |     4 |     6 ||    12
         Scroll            |       |       |     6 |     4 ||    10
   Stab: Held in net/web   |       |       |       |     3 ||     3
         Distracted        |       |       |       |     1 ||     1
 Armour: Scale mail        |    15 |    22 |    80 |     7 ||   124
         Chain mail        |       |       |       |    94 ||    94
  Dodge: Dodged            |    25 |    25 |   116 |    92 ||   258
  Block: Buckler           |     8 |    11 |    43 |    64 ||   126

Table legend: (Time is in decaauts)
 A = Elapsed time spent in this place.
 B = Non-inter-level travel time spent in this place.
 C = Inter-level travel time spent in this place.
 D = Time resting spent in this place.
 E = Time spent auto-exploring this place.
 F = Levels seen in this place.
 G = Mean time per level.
                   A        B        C        D        E       F      G
               +--------+--------+--------+--------+--------+-----+--------+
         Total |  10136 |   9777 |    359 |    959 |   6771 |  11 |  921.5 |
       Dungeon |  10067 |   9708 |    359 |    959 |   6726 |  10 | 1006.7 |
        Temple |     69 |     69 |      0 |      0 |     45 |   1 |   69.0 |
               +--------+--------+--------+--------+--------+-----+--------+

Top non-repeatable levels by time:
     D:8: 1925 daAuts
     D:9: 1473 daAuts
     D:5: 1072 daAuts
     D:2: 996 daAuts
     D:7: 953 daAuts
     D:4: 896 daAuts
     D:6: 800 daAuts
     D:3: 780 daAuts
     D:1: 608 daAuts
    D:10: 560 daAuts
  Temple: 69 daAuts
